Map: Ghost River LE

Players

MacroMonster

  • Race: Zerg Zerg
  • League: Platinum
  • Spawn Location: 1:00

chaddysdaddy - Winner!

  • Race: Terran Terran
  • League: Platinum
  • Spawn Location: 11:00

VOD

Have the link to the VOD?

Description

Time

  • Played on: Aug. 18, 2024, 3:51 p.m.
  • Length: 12:01
Show
View Real Time Build Order
Export as new Build Order

MacroMonster Zerg 

Build Orders: Hatch First 

Get SALT Encoding   

  12  0:00  Drone  
  13  0:12  Drone  
  14  0:30  Overlord  
  14  0:49  Drone x2  
  16  0:55  Hatchery  
  15  0:58  Drone  
  15  1:00  Drone  
  17  1:15  Extractor  
  17  1:16  Drone  
  17  1:20  Spawning Pool  
  17  1:22  Drone  
  17  1:32  Drone  
  19  1:47  Drone  
  19  1:54  Drone  
  20  2:08  Queen x2, Zergling x2  
  20  2:09  Zergling x2  
  26  2:29  Hatchery  
  25  2:31  Overlord  
  25  2:35  Metabolic Boost  
  25  2:43  Drone x3  
  28  2:53  Queen  
  28  2:56  Drone, Overlord  
  31  3:08  Overlord  
  31  3:09  Drone x3  
  34  3:17  Drone, Overlord  
  34  3:18  Drone  
  36  3:26  Drone x3  
  39  3:35  Drone  
  39  3:41  Overlord  
  40  3:47  Drone, Overlord  
  41  3:48  Drone  
  42  3:58  Queen x2  
  42  4:01  Drone x5  
  51  4:09  Baneling Nest  
  50  4:13  Drone x5  
  55  4:25  Queen  
  55  4:30  Overlord x2  
  57  4:34  Zergling x12  
  63  4:38  Lair  
  63  4:45  Zergling x8  
  61  4:46  Zergling x2  
  61  4:51  Spore Crawler  
  56  4:55  Spore Crawler  
  51  5:10  Drone x7  
  51  5:11  Drone  
  59  5:19  Drone x4  
  59  5:20  Drone  
  62  5:38  Drone x4  
  62  5:39  Drone x2  
  68  5:44  Overseer  
  68  5:48  Overlord x2  
  68  5:51  Drone x6  
  68  5:52  Drone  
  75  6:04  Evolution Chamber x2  
  75  6:05  Extractor  
  75  6:06  Extractor  
  75  6:09  Queen x2  
  75  6:18  Drone x10  
  81  6:22  Extractor  
  81  6:23  Extractor  
  83  6:35  Zergling x16  
  83  6:38  Centrifugal Hooks  
  83  6:39  Zerg Ground Armor Level 1  
  91  6:44  Zergling x14  
  98  6:55  Baneling x6  
  98  7:00  Overlord x2  
  98  7:02  Zerg Melee Weapons Level 1  
  98  7:08  Spore Crawler  
  97  7:09  Overlord x3  
  97  7:14  Zergling x2  
  97  7:15  Zergling x14  
  81  7:32  Drone x5  
  86  7:47  Zergling x24  
  96  7:58  Hatchery, Zergling x4  
  91  8:02  Zergling x4  
  91  8:04  Queen  
  93  8:09  Zergling x8  
  93  8:11  Queen x2  
  99  8:34  Zergling x6  
  99  8:35  Zergling x14  
  109  8:41  Hatchery  
  109  8:43  Hatchery, Hydralisk Den  
  109  8:46  Zergling x14  
  113  8:51  Zergling x2  
  113  8:55  Zergling x6  
  94  9:10  Zergling x18  
  94  9:13  Queen  
  94  9:16  Baneling x3  
  94  9:17  Baneling x3  
  104  9:19  Hydralisk x4  
  104  9:22  Zergling x2  
  113  9:36  Queen  
  113  9:37  Queen  
  117  9:38  Overseer  
  117  9:44  Zergling x24  
  129  9:49  Queen  
  127  9:56  Zergling x10  
  129  10:10  Drone x5  
  114  10:15  Overlord  
  114  10:16  Overlord  
  102  10:22  Zergling x24  
  101  10:33  Zergling x10  
  101  10:34  Zergling x10  
  107  10:41  Zergling x6  
  108  10:48  Hatchery  
  99  10:51  Hydralisk x2  
  99  10:54  Zergling x4  
  99  10:55  Zergling x2  
  100  10:59  Zergling x4  
  100  11:00  Zergling x2  
  99  11:11  Zergling x10  
  101  11:13  Baneling x3  
  102  11:24  Zergling x18  
  107  11:27  Zergling x2  
  107  11:39  Zergling x2  
  93  11:40  Zergling x14  
Show
View Real Time Build Order
Export as new Build Order

chaddysdaddy Terran - Winner!

Build Orders: Liberator Opening, Reaper Expand 

Get SALT Encoding   

  12  0:00  SCV  
  13  0:12  SCV  
  14  0:17  Supply Depot  
  14  0:25  SCV  
  15  0:39  SCV  
  15  0:40  Barracks  
  16  0:44  Refinery  
  16  0:51  SCV  
  17  1:03  SCV  
  18  1:15  SCV  
  19  1:30  Reaper  
  19  1:31  Orbital Command  
  20  1:42  Command Center  
  20  1:51  Supply Depot  
  20  1:59  SCV  
  21  2:06  Factory  
  21  2:11  Refinery  
  21  2:15  SCV  
  22  2:26  Barracks Reactor  
  22  2:28  SCV  
  23  2:40  SCV  
  24  2:51  Starport  
  24  2:52  SCV  
  24  2:54  Orbital Command  
  25  3:09  SCV  
  25  3:10  Hellion  
  25  3:11  Barracks Tech Lab, Hellion  
  30  3:21  SCV x2  
  32  3:27  Liberator  
  32  3:31  Marine  
  32  3:32  Hellion x2  
  40  3:34  Supply Depot  
  40  3:35  SCV  
  40  3:36  SCV  
  40  3:39  Stimpack  
  42  3:47  SCV  
  43  3:48  SCV  
  43  3:53  Hellion  
  46  3:55  Marine  
  46  3:56  Supply Depot, Hellion  
  46  4:01  SCV x2  
  51  4:10  Barracks  
  51  4:14  Starport Reactor  
  51  4:15  Barracks  
  51  4:19  Supply Depot  
  51  4:26  SCV x2  
  51  4:30  Marine  
  54  4:33  Widow Mine x2  
  58  4:41  Supply Depot  
  55  5:04  Supply Depot, Barracks Reactor  
  46  5:08  Widow Mine x2  
  46  5:09  Medivac x2  
  46  5:12  Refinery  
  54  5:14  Refinery  
  54  5:19  Combat Shield  
  54  5:21  Marine, Barracks Reactor  
  54  5:29  Widow Mine  
  53  5:35  SCV  
  53  5:36  SCV  
  53  5:40  Marine  
  53  5:41  Marine x2  
  58  5:45  Medivac  
  58  5:49  Widow Mine  
  63  5:50  SCV x2  
  63  5:51  Widow Mine  
  66  5:58  Supply Depot  
  66  5:59  Barracks  
  66  6:01  Marine, Barracks  
  66  6:02  Marine x2  
  69  6:14  SCV x2  
  71  6:22  Supply Depot, Engineering Bay  
  71  6:24  Engineering Bay  
  71  6:25  Marine x5  
  76  6:32  Medivac x2  
  80  6:43  Widow Mine x2  
  80  6:44  Marine x5  
  89  6:53  SCV x2  
  91  6:55  Supply Depot  
  91  6:56  Barracks Reactor x2  
  91  7:01  Marine  
  91  7:02  Marine, Medivac x2  
  80  7:18  Supply Depot  
  70  7:32  Marine x9  
  70  7:36  Terran Infantry Armor Level 1, Terran Infantry Weapons Level 1  
  78  7:50  Marine x7  
  84  8:00  Marine x2  
  84  8:01  Widow Mine x2  
  90  8:08  Marine x3  
  93  8:18  Marine  
  93  8:19  Marine x5, Liberator  
  99  8:20  Liberator  
  99  8:25  Marine  
  99  8:26  Marine x2  
  108  8:35  Widow Mine x2  
  108  8:36  Marine x6  
  118  8:48  Marine x2  
  118  8:49  Marine  
  118  8:54  Marine x6  
  109  9:06  Marine x2  
  109  9:07  Marine  
  112  9:10  Widow Mine x2  
  112  9:12  Marine x4  
  118  9:49  Marine  
  118  9:50  Marine  
  118  9:51  Marine x2  
  118  10:03  Marine x2  
  118  10:04  Marine x2  
  118  10:05  Marine  
  118  10:07  Liberator  
  116  10:09  Marine, Liberator  
  92  10:27  Marine x9  
  96  10:38  Widow Mine x2  
  100  10:45  Marine x9  
  100  10:49  Liberator  
  108  10:52  Liberator  
  114  11:02  Marine  
  114  11:03  Marine x3  
  118  11:37  Marine x2  
  118  11:38  Marine x2, Widow Mine  
  118  11:39  Marine x2  
Tags
 
Add a new tag
Caveats
  • Supply blocks, unpowered buildings, or Contaminate may cause inaccurate times.
  • Supply counts are checked every 10 seconds.